 Dungeon Crawl Stone Soup version 0.23-a0-839-g6d2b917 (console) character file.

628 bli the Shield-Bearer (level 7, 0/54 HPs)
             Began as a Barachi Fighter on Jan 25, 2019.
             Was an Initiate of Okawaru.
             Killed by nerve-wracking pain
             ... invoked by Grinder
              (6 damage)
             ... while paralysed by Grinder
             ... on level 5 of the Dungeon.
             The game lasted 00:14:21 (3135 turns).

bli the Shield-Bearer (Barachi Fighter)             Turns: 3135, Time: 00:14:21

Health: 0/54       AC:  8    Str: 17    XL:     7   Next: 48%
Magic:  7/7        EV:  2    Int:  9    God:    Okawaru [......]
Gold:   186        SH:  0    Dex: 13    Spells: 6/6 levels left

rFire    . . .     SeeInvis .   b - +0 dagger (venom)
rCold    . . .     Gourm    .   c - +0 shield
rNeg     . . .     Faith    .   j - +0 ring mail
rPois    .         Spirit   .   i - +0 helmet
rElec    .         Reflect  .   (no cloak)
rCorr    .         Harm     .   (no gloves)
MR       .....     Rnd*Tele +   r - +0 pair of boots
Stlth    +.........             (no amulet)
HPRegen  0.18/turn              C - ring of teleportation (curse)
MPRegen  0.10/turn              (no ring)

@: paralysed, slow
A: +LOS, swims, slowness 1, strong legs 1
a: Hop, Renounce Religion


You were on level 5 of the Dungeon.
You worshipped Okawaru.
Okawaru was noncommittal.
You were very hungry.

You visited 1 branch of the dungeon, and saw 5 of its levels.

You collected 186 gold pieces.

Inventory:

Hand Weapons
 a - a +0 scimitar
 b - a +0 dagger of venom (weapon)
 z - a +0 long sword
Missiles
 e - 154 stones (quivered)
 g - 22 poisoned needles
 k - 12 sling bullets
 B - 6 curare-tipped needles
Armour
 c - a +0 shield (worn)
 i - a +0 helmet (worn)
 j - a +0 ring mail (worn)
 m - a +0 scale mail
 r - a +0 pair of boots (worn)
 s - a +0 ring mail
 A - a +1 robe of fire resistance
Jewellery
 C - a cursed ring of teleportation (left hand)
Wands
 u - a wand of iceblast (18)
Scrolls
 l - a scroll of enchant armour {unknown}
 n - 2 scrolls of teleportation {unknown}
 p - 9 scrolls of identify {unknown}
 q - a scroll of remove curse {unknown}
 w - a scroll of brand weapon {unknown}
 y - 2 scrolls of fog {unknown}
Potions
 d - 2 potions of might
 h - a potion of ambrosia
 o - a potion of haste
 t - a potion of cancellation {unknown}
 v - 2 potions of curing {unknown}
 x - a potion of degeneration {unknown}
 D - a potion of lignification {unknown}
Comestibles
 f - 7 rations


   Skills:
 + Level 4.2 Fighting
 * Level 4.5(5.5) Short Blades
 * Level 5.1(6.1) Long Blades
 - Level 4.0 Armour
 + Level 0.5 Dodging
 - Level 6.0 Shields
 + Level 0.1 Evocations


You had 6 spell levels left.
You didn't know any spells.
Your spell library contained the following spells:

 Spells                   Type           Power        Failure   Level  Hunger
 Animate Skeleton         Necr           N/A          93%         1    ##.....
 Pain                     Necr           #...         93%         1    ##.....
 Regeneration             Chrm/Necr      #.........   100%        3    ####...
 Vampiric Draining        Necr           #.........   100%        3    ####...
 Animate Dead             Necr           N/A          100%        4    #####..


Dungeon Overview and Level Annotations

Branches:
Dungeon (5/15)
 Temple: D:4-7

Altars:
Fedhas
Gozag
Kikubaaqudgha
Okawaru
Trog
Vehumet

Annotations:
D:5 Grinder


Innate Abilities, Weirdness & Mutations

Shadows flee at your approach. (+LOS)
You can swim through water.
You cover ground slowly.
You can hop short distances.


Message History

Grinder is heavily wounded.
You block Grinder's attack.
You completely miss Grinder.
Grinder is heavily wounded.
Grinder hits you.
* * * LOW HITPOINT WARNING * * *
You writhe in agony.
* * * LOW HITPOINT WARNING * * *
You hit Grinder.
Grinder is severely wounded.
Grinder gestures at you.
You suddenly lose the ability to move!
Grinder blinks! x2
Grinder gestures at you. You resist with significant effort.
Grinder gestures at you.
You shrug off the repeated paralysis!
Grinder gestures at you. Pain shoots through your body!
You die...

# ##.....##
#.#.8...8.#
#.#.......### ..#
#....._.....# #
#.# #.
#.......#.###.
..##.
#.8...8.#....
....## #.....##..#
#..#.######.####.#
#.....#.........>#
...###.#########†#
...........# #@#
.......###.# #.#
....#### ... ...##
..5.. #..#####
....... <......#
##.....## ...###.#
#....## #..# .#
#.#### #..# .# #.
#..# .# ...# .#


You could see Grinder.

Vanquished Creatures
  Sigmund (D:2)
  Edmund (D:4)
  Blork the orc (D:4)
  A scorpion (D:3)
  Terence (D:2)
  Jessica (D:2)
  An iguana (D:4)
  9 adders
  An adder skeleton (D:5)
  3 worms
  2 dart slugs
  3 leopard geckos
  3 orcs
  5 giant cockroaches
  10 goblins
  5 hobgoblins
  7 jackals
  6 kobolds
  6 bats
  A frilled lizard (D:2)
  6 rats
74 creatures vanquished.

Notes
Turn   | Place    | Note
-------+----------+-------------------------------------------
     0 | D:1      | bli the Barachi Fighter began the quest for the Orb.
     0 | D:1      | Reached XP level 1. HP: 18/18 MP: 1/1
   110 | D:1      | Reached XP level 2. HP: 18/25 MP: 2/2
   604 | D:1      | Reached XP level 3. HP: 30/30 MP: 3/3
   818 | D:2      | Noticed Sigmund
   829 | D:2      | HP: 1/30 [Sigmund/+0 scythe (8)]
   830 | D:2      | Killed Sigmund
   830 | D:2      | Reached skill level 4 in Shields
   830 | D:2      | Reached XP level 4. HP: 2/37 MP: 4/4
   830 | D:2      | Reached XP level 5. HP: 2/42 MP: 5/5
  1199 | D:2      | Reached XP level 6. HP: 36/48 MP: 6/6
  1269 | D:2      | Noticed Jessica
  1271 | D:2      | Noticed Terence
  1286 | D:2      | Killed Terence
  1286 | D:2      | Reached skill level 5 in Shields
  1294 | D:2      | Killed Jessica
  2208 | D:3      | Found a bloodstained altar of Trog.
  2208 | D:3      | Found an iron altar of Okawaru.
  2213 | D:3      | Became a worshipper of Warmaster Okawaru
  2271 | D:4      | Noticed Blork the orc
  2281 | D:4      | Killed Blork the orc
  2281 | D:4      | Reached XP level 7. HP: 53/54 MP: 7/7
  2436 | D:4      | Found a blossoming altar of Fedhas.
  2506 | D:4      | Found an ancient bone altar of Kikubaaqudgha.
  2528 | D:4      | Noticed Edmund
  2551 | D:4      | Killed Edmund
  2551 | D:4      | Reached skill level 5 in Long Blades
  2551 | D:4      | Reached skill level 6 in Shields
  2958 | D:4      | Found a radiant altar of Vehumet.
  3052 | D:5      | Entered Level 5 of the Dungeon
  3087 | D:5      | Found an opulent altar of Gozag.
  3092 | D:5      | Noticed Grinder
  3129 | D:5      | Paralysed by Grinder for 6 turns
  3135 | D:5      | Killed from afar by Grinder

Vault maps used:
D:1:      lemuel_arrival_funnel
D:2:      uniq_jessica, uniq_terence, uniq_sigmund
D:3:      gammafunk_temple_overflow_statue
D:4:      lemuel_round_altar, fedhas_altar_3, kiku_gazebo_pond_becter,
          first_ration, uniq_blork_the_orc, uniq_edmund
D:5:      grunt_gozag_statues, lemuel_round_altar, enter_ossuary_3,
          chei_slow_surprise, uniq_grinder

Skill      XL: |  1  2  3  4  5  6  7 |
---------------+----------------------+-----
Fighting       | 4 |  4.2
Long Blades    | 3 4 5 |  5.1
Short Blades   | 2 4 |  4.5
Shields        | 4 5 6 |  6.0
Armour         | 4 |  4.0
Dodging        | |  0.5
Evocations     | |  0.1

Action                   |  1- 3 |  4- 6 |  7- 9 || total
-------------------------+-------+-------+-------++-------
Melee: Long sword        |    40 |     6 |       ||    46
       Dagger            |    50 |   117 |    66 ||   233
       Scimitar          |       |       |    16 ||    16
Throw: Stone             |     2 |    26 |     7 ||    35
Evoke: Wand              |       |     2 |       ||     2
  Use: Potion            |       |       |     2 ||     2
  Eat: Chunk             |       |     5 |     2 ||     7
Armor: Scale mail        |     2 |       |       ||     2
       Ring mail         |    50 |    42 |    17 ||   109
Dodge: Dodged            |    53 |    21 |    19 ||    93
Block: Shield            |    60 |    40 |    26 ||   126
       Rpst.: Long sword |     9 |       |       ||     9

Table legend:
 A = Non-vault XP
 B = Vault XP
 C = Vault XP percentage of total XP
 D = Non-vault monster count
 E = Vault monster count
 F = Vault count percentage of total count
                 A         B        C        D         E       F
            +---------+---------+-------+---------+---------+-------
      Total |     342 |     556 |  61.9 |      69 |       5 |   6.8
            +---------+---------+-------+---------+---------+-------
        D:1 |      54 |       0 |   0.0 |      23 |       0 |   0.0
        D:2 |      85 |     298 |  77.8 |      19 |       3 |  13.6
        D:3 |     124 |       0 |   0.0 |      18 |       0 |   0.0
        D:4 |      61 |     258 |  80.9 |       7 |       2 |  22.2
        D:5 |      18 |       0 |   0.0 |       2 |       0 |   0.0
            +---------+---------+-------+---------+---------+-------
